 Dungeon Crawl Stone Soup version 0.29-a0-1009-g60c99734e7 (webtiles) character file.

Game seed: 6365356934620980712

273 gelatine the Conjurer (level 6, 0/42 HPs)
             Began as a Demonspawn Conjurer on Aug 9, 2022.
             Killed from afar by Ijyb (9 damage)
             ... with a puff of flame
             ... on level 3 of the Dungeon.
             The game lasted 00:06:14 (3004 turns).

gelatine the Conjurer (Demonspawn Conjurer)         Turns: 3004, Time: 00:06:15

Health: 0/42       AC:  3    Str:  7    XL:     6   Next: 3%
Magic:  6/11       EV: 12    Int: 22    God:
Gold:   60         SH:  0    Dex: 11    Spells: 10/11 levels left

rFire   . . .      SeeInvis .   d - +1 dagger
rCold   . . .      Faith    .   (no shield)
rNeg    . . .      Spirit   .   a - +0 robe
rPois   .          Reflect  .   (helmet restricted)
rElec   .          Harm     .   (no cloak)
rCorr   .          Rampage  .   i - +0 pair of gloves
Will    .....                   (no boots)
Stlth   ++........              (no amulet)
HPRegen 0.14/turn               (no ring)
MPRegen 0.12/turn               (no ring)

@: no status effects
A: antennae 2, sturdy frame 1, condensation shield
a: no special abilities


You were on level 3 of the Dungeon.
You visited 1 branch of the dungeon, and saw 3 of its levels.

You collected 60 gold pieces.

Inventory:

Hand Weapons
 d - a +1 dagger (weapon)
Armour
 a - a +0 robe (worn)
 i - a +0 pair of gloves (worn)
Wands
 g - a wand of flame (15)
Scrolls
 e - a scroll of identify {unknown}
Potions
 b - a potion of magic
 c - a potion of resistance
 f - 4 potions of curing
 h - 2 potions of berserk rage {unknown}
 j - a potion of heal wounds {unknown}


   Skills:
 + Level 0.4 Fighting
 + Level 0.2 Short Blades
 + Level 2.3 Dodging
 + Level 2.4 Stealth
 + Level 1.0 Unarmed Combat
 + Level 3.4 Spellcasting
 + Level 5.7 Conjurations
 + Level 0.5 Evocations


You had 10 spell levels left.
You knew the following spells:

 Your Spells              Type           Power      Damage    Failure   Level
a - Magic Dart            Conj           100%       1d8       1%          1

Your spell library contained the following spells:

 Spells                   Type           Power      Damage    Failure   Level
 Searing Ray              Conj           56%        2d6       1%          2
 Foxfire                  Conj/Fire      64%        2x1d7     3%          1
 Conjure Flame            Conj/Fire      16%        6-21      11%         3
 Dazzling Flash           Conj/Hex       32%        N/A       11%         3
 Inner Flame              Hex/Fire       3%         N/A       34%         3
 Flame Wave               Conj/Fire      16%        2d7       36%         4
 Fulminant Prism          Conj/Hex       8%         3d7       36%         4
 Iskenderun's Mystic Bla  Conj/Tloc      16%        2d5       36%         4


Dungeon Overview and Level Annotations

Branches:
Dungeon (3/15)

Altars:

Annotations:
D:3 Ijyb


Innate Abilities, Weirdness & Mutations

You have a pair of antennae on your head.
Your movements are slightly less encumbered by armour. (ER -2)
A meltable shield of frost defends you. (SH +0)


Message History

Ijyb is lightly wounded.
The magic dart hits Ijyb but does no damage.
Ijyb is lightly wounded.
The magic dart hits Ijyb.
Ijyb is heavily wounded.
You completely miss Ijyb.
Ijyb is heavily wounded.
Ijyb zaps a wand.
The puff of flame hits you!
You hit Ijyb but do no damage.
Ijyb is heavily wounded.
Ijyb hits you with a +0 club.
You barely miss Ijyb.
Ijyb is heavily wounded.
Ijyb hits you with a +0 club.
You hit Ijyb but do no damage.
Ijyb is heavily wounded.
Ijyb closely misses you.
You hit Ijyb.
Ijyb is heavily wounded.
Ijyb hits you but does no damage.
You barely miss Ijyb.
Ijyb is heavily wounded.
Ijyb closely misses you.
You hit Ijyb but do no damage.
Ijyb is heavily wounded.
Ijyb zaps a wand.
The puff of flame hits you.
You hit Ijyb.
Ijyb is heavily wounded.
You hit Ijyb but do no damage.
Ijyb is heavily wounded.
Ijyb hits you with a +0 club.
* * * LOW HITPOINT WARNING * * *
You closely miss Ijyb.
Ijyb is heavily wounded.
Ijyb hits you with a +0 club.
* * * LOW HITPOINT WARNING * * *
You hit Ijyb.
Ijyb is severely wounded.
Ijyb zaps a wand.
The puff of flame hits you!
You die...

......?.....#
...........
†........
....... .....
... #g###.##
#@.....#.#
#.###..#.#
#........#
#.........
#.........
#.........
###......>..
#<#.........
#.#.........


You could see Ijyb.

Vanquished Creatures
  Sigmund (D:2)
  An iguana (D:2)
  2 adders (D:2)
  3 worms (D:2)
  A dart slug (D:1)
  3 ball pythons
  4 endoplasms
  3 giant cockroaches
  4 hobgoblins
  4 jackals
  5 kobolds
  A quokka (D:1)
  4 bats
  3 frilled lizards
  5 goblins (D:1)
  8 rats
52 creatures vanquished.

Notes
Turn   | Place    | Note
-------+----------+-------------------------------------------
     0 | D:1      | gelatine the Demonspawn Conjurer began the quest for the
                  | Orb.
     0 | D:1      | Reached XP level 1. HP: 13/13 MP: 3/3
   173 | D:1      | Gained mutation: Your movements are slightly less
                  | encumbered by armour. (ER -2) [demonic ancestry]
   173 | D:1      | Reached XP level 2. HP: 19/19 MP: 0/5
  1295 | D:1      | Reached XP level 3. HP: 24/24 MP: 3/6
  1712 | D:2      | Found a faded altar of an unknown god.
  2182 | D:2      | Reached skill level 5 in Conjurations
  2182 | D:2      | Gained mutation: A meltable shield of frost defends you.
                  | (SH +0) [demonic ancestry]
  2182 | D:2      | Reached XP level 4. HP: 30/30 MP: 4/7
  2526 | D:2      | Noticed Sigmund
  2539 | D:2      | Killed Sigmund
  2540 | D:2      | Reached skill level 1 in Unarmed Combat
  2540 | D:2      | Gained mutation: You have a pair of small antennae on your
                  | head. [demonic ancestry]
  2540 | D:2      | Reached XP level 5. HP: 36/36 MP: 0/10
  2540 | D:2      | Gained mutation: You have a pair of antennae on your head.
                  | [demonic ancestry]
  2540 | D:2      | Reached XP level 6. HP: 42/42 MP: 0/11
  2986 | D:3      | Noticed Ijyb
  3004 | D:3      | Killed from afar by Ijyb

Illustrated notes

Levels and vault maps discovered:
D:1:      amcnicky_arrival_wind_blow, layout_basic, minmay_statues_item,
          chequers_serial_rivers_large_a, minmay_strange_pillars
D:2:      layout_basic, shapermc_ecumenical_altar_pompeii, roderic_lattice_a,
          minivault_24, uniq_sigmund
D:3:      layout_basic, minmay_misc_feat_x, uniq_ijyb, uniq_terence

Skill      XL: |  1  2  3  4 |
---------------+-------------+-----
Stealth        | 2 |  2.4
Conjurations   | 5 |  5.7
Dodging        | 2 |  2.3
Unarmed Combat | 1 |  1.0
Spellcasting   | 3 |  3.4
Fighting       | |  0.4
Short Blades   | |  0.2
Evocations     | |  0.5

Action                   |  1- 3 |  4- 6 || total
-------------------------+-------+-------++-------
Melee: Unarmed           |    15 |       ||    15
       Dagger            |    14 |    11 ||    25
 Cast: Magic Dart        |    78 |    36 ||   114
Evoke: Wand              |     4 |       ||     4
  Use: Potion            |     3 |       ||     3
       Scroll            |     1 |       ||     1
Armor: Robe              |     8 |     2 ||    10
Dodge: Dodged            |    24 |     4 ||    28

Table legend: (Time is in decaauts)
 A = Elapsed time spent in this place.
 B = Non-inter-level travel time spent in this place.
 C = Inter-level travel time spent in this place.
 D = Time resting spent in this place.
 E = Time spent auto-exploring this place.
 F = Levels seen in this place.
 G = Mean time per level.
                   A        B        C        D        E       F      G
               +--------+--------+--------+--------+--------+-----+--------+
         Total |   3020 |   2938 |     82 |     55 |   2548 |   3 | 1006.7 |
       Dungeon |   3020 |   2938 |     82 |     55 |   2548 |   3 | 1006.7 |
               +--------+--------+--------+--------+--------+-----+--------+

Top non-repeatable levels by time:
     D:1: 1522 daAuts
     D:2: 1457 daAuts
     D:3: 40 daAuts
